Map: Proxima Station LE

Players

NonY

  • Race: Protoss Protoss
  • Spawn Location: 1:00

xKawaiian - Winner!

  • Race: Terran Terran
  • Spawn Location: 7:00

Event: WCS Austin 2017

VOD

Have the link to the VOD?

Description

Time

  • Played on: April 28, 2017, 4:41 p.m.
  • Length: 5:58

All games in this series

Show
View Real Time Build Order
Export as new Build Order

NonY Protoss 

Build Orders: 1 Gate Expand, Oracle Opening, Phoenix Opening 

Get SALT Encoding   

  12  0:02  Probe (Chrono Boost)  
  13  0:13  Probe (Chrono Boost)  
  14  0:17  Pylon  
  14  0:23  Probe (Chrono Boost)  
  15  0:35  Assimilator  
  15  0:36  Probe (Chrono Boost)  
  16  0:43  Gateway  
  16  0:46  Probe (Chrono Boost)  
  18  0:57  Probe (Chrono Boost)  
  18  1:07  Probe (Chrono Boost)  
  19  1:21  Nexus  
  19  1:23  Probe (Chrono Boost)  
  20  1:32  Cybernetics Core  
  20  1:35  Probe (Chrono Boost)  
  20  1:39  Assimilator  
  21  1:46  Probe (Chrono Boost)  
  22  1:50  Pylon  
  22  1:56  Probe (Chrono Boost)  
  24  2:09  Probe (Chrono Boost), Stargate  
  24  2:12  Adept  
  26  2:19  Probe (Chrono Boost)  
  27  2:24  Warp Gate  
  28  2:30  Probe (Chrono Boost)  
  28  2:33  Probe (Chrono Boost)  
  29  2:40  Probe (Chrono Boost), Adept  
  29  2:43  Probe (Chrono Boost)  
  33  2:47  Oracle  
  34  2:52  Probe (Chrono Boost)  
  34  2:54  Probe (Chrono Boost)  
  38  3:04  Probe (Chrono Boost)  
  39  3:06  Probe (Chrono Boost)  
  40  3:13  Pylon  
  40  3:16  Probe (Chrono Boost)  
  40  3:18  Oracle  
  40  3:19  Probe (Chrono Boost)  
  46  3:28  Probe (Chrono Boost)  
  46  3:33  Nexus  
  46  3:35  Probe (Chrono Boost)  
  47  3:44  Probe (Chrono Boost)  
  47  3:46  Probe (Chrono Boost)  
  49  3:54  Assimilator  
  51  3:57  Assimilator  
  51  3:58  Mothership Core (Chrono Boost)  
  51  3:59  Phoenix  
  53  4:16  Probe (Chrono Boost)  
  54  4:17  Probe (Chrono Boost)  
  54  4:24  Pylon  
  54  4:26  Pylon  
  54  4:39  Gateway, Phoenix  
  54  4:41  Gateway  
  54  4:44  Gateway  
  54  4:45  Stalker  
  55  4:50  Pylon  
  54  5:01  Void Ray  
  54  5:08  Stalker  
  54  5:12  Gateway x2  
  54  5:13  Gateway  
  60  5:14  Gateway  
  60  5:20  Pylon  
  60  5:31  Pylon  
Show
View Real Time Build Order
Export as new Build Order

xKawaiian Terran - Winner!

Build Orders: 1/1/1, Liberator Opening 

Get SALT Encoding   

  12  0:00  SCV  
  13  0:13  SCV  
  14  0:17  Supply Depot  
  14  0:25  SCV  
  15  0:29  Refinery  
  15  0:39  SCV  
  16  0:46  Barracks  
  16  0:51  SCV  
  17  1:03  SCV  
  18  1:18  SCV  
  19  1:33  Factory  
  19  1:34  Marine, Orbital Command  
  19  1:37  Supply Depot  
  20  1:42  Refinery  
  20  1:52  Barracks Reactor  
  20  2:01  SCV  
  21  2:13  SCV  
  22  2:18  Widow Mine  
  22  2:21  Starport  
  24  2:25  SCV  
  24  2:29  Marine x2  
  27  2:33  Supply Depot  
  27  2:37  SCV  
  28  2:46  Widow Mine  
  28  2:47  Marine  
  31  2:54  Marine  
  31  2:55  Supply Depot, SCV  
  33  3:00  Medivac  
  33  3:05  Marine  
  36  3:07  SCV  
  37  3:13  Liberator  
  37  3:14  Marine  
  37  3:16  Factory Tech Lab  
  38  3:25  Engineering Bay  
  38  3:29  Supply Depot  
  41  3:40  Siege Tank  
  44  3:42  SCV  
  44  3:44  Marine  
  44  3:45  Marine  
  47  3:55  Missile Turret  
  47  4:02  Marine  
  48  4:03  Marine  
  49  4:12  Siege Tank  
  52  4:19  Marine  
  52  4:21  Marine  
  54  4:31  Supply Depot  
  54  4:36  Liberator  
  54  4:50  Marine  
  54  4:52  Missile Turret  
  55  4:53  Marine  
  55  4:54  Siege Tank  
  62  5:08  Marine  
  62  5:10  Marine  
  62  5:13  Missile Turret  
  64  5:26  Marine  
  65  5:28  Marine  
Tags
 
Add a new tag
Caveats
  • Supply blocks, unpowered buildings, or Contaminate may cause inaccurate times.
  • Supply counts are checked every 10 seconds.